 Dungeon Crawl Stone Soup version 0.31-a0-851-g7ff8af7976 (webtiles) character file.

Game seed: 7505007974758595156

142 gruber the Chiller (level 5, 29/35 HPs)
             Began as a Demonspawn Ice Elementalist on Oct 6, 2023.
             Quit the game on level 3 of the Dungeon.
             The game lasted 00:02:04 (1956 turns).

gruber the Chiller (Demonspawn Ice Elementalist)    Turns: 1956, Time: 00:02:04

Health: 29/35      AC:  3    Str:  8    XL:     5   Next: 4%
Magic:  3/8        EV: 12    Int: 18    God:
Gold:   59         SH:  5    Dex: 14    Spells: 1/8 levels left

rFire   . . .        n - +3 dagger
rCold   . . .        (no shield)
rNeg    . . .        a - +0 robe
rPois   .            (no helmet)
rElec   .            (no cloak)
rCorr   .            (no gloves)
SInv    .            g - +0 pair of boots
Will    .....        m - amulet of reflection
Stlth   ++           (no ring)
HPRegen 0.25/turn    (no ring)
MPRegen 0.11/turn

%: reflection
@: no status effects
A: claws 1, hooves 1, demonic guardian 1, weakness stinger 1
a: no special abilities


You were on level 3 of the Dungeon.
You visited 1 branch of the dungeon, and saw 3 of its levels.

You collected 59 gold pieces.

Inventory:

Hand Weapons
 i - a +0 rapier
 n - a +3 dagger (weapon)
Armour
 a - a +0 robe (worn)
 g - a +0 pair of boots (worn)
Jewellery
 m - an amulet of reflection (around neck)
Scrolls
 f - 2 scrolls of blinking {unknown}
 h - 2 scrolls of identify {unknown}
 k - a scroll of fear {unknown}
 o - a scroll of enchant armour {unknown}
Potions
 b - a potion of magic
 c - 2 potions of lignification {unknown}
 d - 2 potions of resistance {unknown}
 e - a potion of experience {unknown}
 j - 2 potions of enlightenment {unknown}
 l - a potion of haste {unknown}
 p - a potion of attraction {unknown}


   Skills:
 - Level 1.7 Dodging
 - Level 1.7 Stealth
 - Level 2.0 Spellcasting
 + Level 5.8 Ice Magic


You had one spell level left.
You knew the following spells:

 Your Spells              Type           Power      Damage    Failure   Level
a - Freeze                Ice            88%        1d9       1%          1
b - Frozen Ramparts       Ice            44%        1d7       4%          3
c - Ozocubu's Armour      Ice            22%        N/A       4%          3

Your spell library contained the following spells:

 Spells                   Type           Power      Damage    Failure   Level
 Summon Ice Beast         Ice/Summ       12%        N/A       47%         4


Dungeon Overview and Level Annotations

Branches:
Dungeon (3/15)

Altars:
Ashenzari


Innate Abilities, Weirdness & Mutations

You have sharp fingernails.
You have large cloven feet.
A weak demonic guardian rushes to your aid.
You have a small tail.


Message History

The frozen ramparts melt away.
Things that are here:
a +0 flail; a +0 flail; a gnoll corpse You open the door.
There is an open door here.
You open the door.
Found a stone staircase leading down.
You open the door.
There is an open door here.
Found a stone staircase leading up.
Found 3 stones.
There is a stone staircase leading up here.
Found a glowing silver altar of Zin and a broken altar of Ashenzari.
You open the door.
There is an open door here.
A hound comes into view.
A hound is nearby!
A hound is nearby!
A hound is nearby!
You closely miss the hound.
You tail-slap the hound, but do no damage.
The hound bites you. The hound closely misses you.
You barely miss the hound.
Your tail-slap misses the hound.
The hound bites you.
You freeze the hound!
The hound is moderately wounded.
You block the hound's attack. The hound bites you.
You freeze the hound!
The hound is almost dead.
The hound closely misses you.
You freeze the hound.
The hound is almost dead.
The hound bites you. The hound barely misses you.
You freeze the hound.
You kill the hound!
You have reached level 5!
Your demonic ancestry asserts itself...
Your fingernails lengthen.
Unknown command.
Are you sure you want to abandon this character and quit the game? (Confirm with "yes".)

####
##...#
##....
##....
#....
#...# #.
#..@# ≈≈
≈≈# #...#
≈#####≈#
#?..#
≈#≈≈≈#≈#
#...#
≈#≈_≈#≈#
#...#
≈#≈.≈#≈#
#...#
≈##.##≈#
#...#
≈≈≈.≈≈≈##
#...#
........##
#...#


There were no monsters in sight!

Vanquished Creatures
  A hound (D:3)
  3 gnolls (D:3)
  5 adders (D:2)
  A dart slug (D:2)
  2 ball pythons
  4 bats (D:1)
  4 endoplasms
  5 goblins
  2 hobgoblins (D:1)
  7 kobolds
  A quokka (D:1)
  4 frilled lizards
39 creatures vanquished.

Vanquished Creatures (collateral kills)
  A kobold (D:2)
1 creature vanquished.

Grand Total: 40 creatures vanquished

Notes
Turn   | Place    | Note
-------+----------+-------------------------------------------
     0 | D:1      | gruber the Demonspawn Ice Elementalist began the quest for
                  | the Orb.
     0 | D:1      | Reached XP level 1. HP: 13/13 MP: 3/3
   248 | D:1      | Reached skill level 4 in Ice Magic
   297 | D:1      | Gained mutation: A weak demonic guardian rushes to your
                  | aid. [demonic ancestry]
   297 | D:1      | Reached XP level 2. HP: 19/19 MP: 5/5
  1086 | D:2      | Discovered your monstrous ancestry.
  1086 | D:2      | Gained mutation: You have a small tail. [demonic ancestry]
  1086 | D:2      | Reached XP level 3. HP: 24/24 MP: 6/6
  1299 | D:2      | Learned a level 3 spell: Frozen Ramparts
  1339 | D:2      | Reached skill level 5 in Ice Magic
  1476 | D:2      | Gained mutation: You have large cloven feet. [demonic
                  | ancestry]
  1476 | D:2      | Reached XP level 4. HP: 28/30 MP: 4/7
  1480 | D:2      | Learned a level 3 spell: Ozocubu's Armour
  1915 | D:3      | Found a broken altar of Ashenzari.
  1956 | D:3      | Gained mutation: You have sharp fingernails. [demonic
                  | ancestry]
  1956 | D:3      | Reached XP level 5. HP: 29/35 MP: 3/8
  1956 | D:3      | Quit the game

Illustrated notes

Levels and vault maps discovered:
D:1:      orjb1_lava_funnel, layout_loops_corners
D:2:      layout_loops_cross
D:3:      layout_loops_corners, nicolae_overflow_two_pavilions, nrook_uturn,
          reono_crystal_passage

Skill      XL: |  1  2  3 |
---------------+----------+-----
Ice Magic      | 4 5 |  5.8
Dodging        | |  1.7
Stealth        | |  1.7
Spellcasting   | |  2.0

Action                     |  1- 3 |  4- 6 || total
---------------------------+-------+-------++-------
  Melee: Dagger            |    26 |     6 ||    32
         Unarmed           |     2 |       ||     2
         Rapier            |    38 |       ||    38
         Punch             |     1 |       ||     1
         Tailslap          |       |     1 ||     1
   Cast: Freeze            |    16 |    14 ||    30
         Frozen Ramparts   |       |     1 ||     1
   Stab: Sleeping          |     5 |       ||     5
         Distracted        |     1 |       ||     1
 Armour: Robe              |    34 |    11 ||    45
  Dodge: Dodged            |    39 |    11 ||    50
  Block: Other             |     3 |     2 ||     5

Table legend: (Time is in decaauts)
 A = Elapsed time spent in this place.
 B = Non-inter-level travel time spent in this place.
 C = Inter-level travel time spent in this place.
 D = Time resting spent in this place.
 E = Time spent auto-exploring this place.
 F = Levels seen in this place.
 G = Mean time per level.
                   A        B        C        D        E       F      G
               +--------+--------+--------+--------+--------+-----+--------+
         Total |   1961 |   1894 |     67 |      0 |   1587 |   3 |  653.7 |
       Dungeon |   1961 |   1894 |     67 |      0 |   1587 |   3 |  653.7 |
               +--------+--------+--------+--------+--------+-----+--------+

Top non-repeatable levels by time:
     D:1: 1027 daAuts
     D:2: 738 daAuts
     D:3: 195 daAuts
